 Dungeon Crawl Stone Soup version 0.31-a0-978-g1e143483b6 (webtiles) character file.

Game seed: 13700200680946257543

2323 lessens the Ducker (level 9, -7/70 HPs)
             Began as a Gnoll Gladiator on Oct 30, 2023.
             Was a Believer of Makhleb.
             Mangled by a wyvern (11 damage)
             ... on level 8 of the Dungeon.
             The game lasted 00:09:34 (7157 turns).

lessens the Ducker (Gnoll Gladiator)                Turns: 7157, Time: 00:09:35

Health: -7/70      AC: 15    Str: 23    XL:     9   Next: 42%
Magic:  15/15      EV: 11    Int:  9    God:    Makhleb [**....]
Gold:   411        SH:  0    Dex: 13    Spells: 16/16 levels left

rFire   . . .        a - +1 war axe
rCold   . . .        (no shield)
rNeg    . . .        t - +0 chain mail
rPois   .            z - +2 helmet
rElec   .            k - +0 cloak
rCorr   .            y - +0 pair of gloves
SInv    .            (no boots)
Will    +....        (no amulet) Stlth
                     g - ring of willpower
HPRegen 0.31/turn    L - +6 ring of strength
MPRegen 0.14/turn

%: no passive effects
@: no status effects
A: fangs 1, strong nose, distributed training
a: Renounce Religion, Minor Destruction


You were on level 8 of the Dungeon.
You worshipped Makhleb.
Makhleb was pleased with you.
You visited 1 branch of the dungeon, and saw 8 of its levels.
You also visited: Sewer.

You collected 411 gold pieces.

Inventory:

Hand Weapons
 a - a +1 war axe (weapon)
 b - a +2 dagger of venom
 e - a +0 war axe
 O - a +4 flail
Missiles
 d - 3 throwing nets
 m - 75 stones
 o - 23 poisoned darts (quivered)
 v - 5 boomerangs
 H - a curare-tipped dart
 P - a javelin
Armour
 k - a +0 cloak (worn)
 q - a +0 leather armour
 t - a +0 chain mail (worn)
 y - a +0 pair of gloves (worn)
 z - a +2 helmet (worn)
Jewellery
 g - a ring of willpower (left hand)
 A - a ring of positive energy
 L - a +6 ring of strength (right hand)
Wands
 K - a wand of iceblast (8)
Scrolls
 c - a scroll of immolation {unknown}
 f - 3 scrolls of teleportation
 n - a scroll of torment {unknown}
 p - 6 scrolls of blinking
 r - a scroll of acquirement {unknown}
 s - a scroll of enchant weapon
 u - 2 scrolls of brand weapon
 x - a scroll of revelation {unknown}
 B - a scroll of silence {unknown}
 C - 3 scrolls of fog {unknown}
 E - a scroll of enchant armour {unknown}
 J - a scroll of vulnerability {unknown}
 N - a scroll of identify
 Q - a scroll of poison
Potions
 h - a potion of resistance {unknown}
 i - 6 potions of curing
 j - 2 potions of degeneration {unknown}
 l - a potion of magic {unknown}
 w - 2 potions of mutation
 D - 2 potions of cancellation
 F - a potion of attraction {unknown}
 G - a potion of heal wounds {unknown}
 I - a potion of brilliance {unknown}
 M - a potion of enlightenment {unknown}
 R - a potion of lignification {unknown}


   Skills:
 + Level 6.3 Fighting
 + Level 4.3 Short Blades
 + Level 4.3 Long Blades
 + Level 7.9 Axes
 + Level 4.3 Maces & Flails
 + Level 4.3 Polearms
 + Level 4.3 Staves
 + Level 4.3 Ranged Weapons
 + Level 6.3 Throwing
 + Level 4.3 Armour
 + Level 7.9 Dodging
 + Level 4.3 Stealth
 + Level 4.3 Shields
 + Level 4.3 Unarmed Combat
 + Level 4.3 Spellcasting
 + Level 3.5 Conjurations
 + Level 3.5 Hexes
 + Level 3.5 Summonings
 + Level 3.5 Necromancy
 + Level 3.5 Translocations
 + Level 3.5 Transmutations
 + Level 3.5 Fire Magic
 + Level 3.5 Ice Magic
 + Level 3.5 Air Magic
 + Level 3.5 Earth Magic
 + Level 3.5 Poison Magic
 + Level 4.7 Invocations
 + Level 4.3 Evocations
 + Level 3.9 Shapeshifting


You had 16 spell levels left.
You didn't know any spells.
Your spell library contained the following spells:

 Spells                   Type           Power      Damage    Failure   Level
 Apportation              Tloc           16%        N/A       34%         1
 Necrotise                Necr           32%        1d5       34%         1
 Sandblast                Erth           16%        2d6       34%         1
 Summon Small Mammal      Summ           32%        N/A       34%         1
 Passwall                 Tmut/Erth      6%         N/A       47%         2
 Dazzling Flash           Conj/Hex       16%        N/A       71%         3
 Stone Arrow              Conj/Erth      16%        3d8       71%         3
 Brom's Barrelling Bould  Conj/Erth      8%         2d3       98%         4
 Agony                    Necr           8%         N/A       100%        5
 Silence                  Hex/Air        4%         N/A       100%        5


Dungeon Overview and Level Annotations

Branches:
Dungeon (8/15) Zot: 26756  Temple (0/1) D:5           Sewer (visited)
   Lair: D:8-11

Altars:
Makhleb
Qazlal
Trog
Zin

Shops:
D:8 (

Annotations:
D:4 3 runed translucent doors, timneilson's ghost, weakling OpSh
D:5 1 runed translucent door, Thrassey's ghost, novice DjFE


Innate Abilities, Weirdness & Mutations

You have very sharp teeth.
Your uncanny sense of smell can sniff out nearby items.
Your experience applies equally to all skills.


Message History

You hit the wyvern.
The wyvern is moderately wounded.
You barely miss the howler monkey.
The howler monkey hoots and howls with incredible vigour!
The gnoll closely misses you. The wyvern barely misses you.
You closely miss the wyvern. You bite the wyvern, but do no damage.
The wyvern is moderately wounded.
You hit the howler monkey. The wyvern misses you.
The howler monkey closely misses you. The gnoll hits you but does no damage.
The wyvern barely misses you. The howler monkey barely misses you.
The gnoll misses you.
You completely miss the wyvern.
The wyvern is moderately wounded.
You completely miss the howler monkey.
The wyvern bites you but does no damage.
The howler monkey hoots and howls with incredible vigour!
The wyvern bites you!
The gnoll hits you from afar with a +0 spear.
* * * LOW HITPOINT WARNING * * *
You hit the howler monkey.
You kill the howler monkey!
Makhleb accepts your kill.
You closely miss the wyvern. The wyvern bites you.
* * * LOW HITPOINT WARNING * * *
The gnoll barely misses you.
You hit the wyvern but do no damage.
The wyvern is moderately wounded.
The wyvern barely misses you. x2
The gnoll hits you from afar with a +0 spear.
* * * LOW HITPOINT WARNING * * *
You hit the wyvern.
The wyvern is moderately wounded.
The wyvern closely misses you. The gnoll hits you but does no damage.
The wyvern bites you!
* * * LOW HITPOINT WARNING * * *
The gnoll attacks as it pursues you!
The gnoll hits you from afar with a +0 spear.
* * * LOW HITPOINT WARNING * * *
The wyvern bites you!
You die...

#....##...#..###..........
#....##...#.##......##...
#....#....#.##.#.......###∆
##...#....#..............#
##.......#........#.....#
#.......#.##.#..#.#....##
#............#.#...#.....
####...##.##.##..∩..#
#...##...@l.#...#...#
#...####.#...#.#....# ##..#
#.##.).#....># ##.#
#'##g).......# #.# ..
.....##.### .. ........# .#
...(.....# # .........#
..........


You could see a wyvern and a gnoll.

Vanquished Creatures
  2 steam dragons (D:7)
  Duvessa (D:6)
  A water moccasin (D:5)
  A black bear (D:6)
  Pargi (Sewer)
  An ogre (D:6)
  3 kobold brigands
  A bullfrog (D:7)
  2 scorpions
  5 wights (D:7)
  Dowan (D:6)
  3 howler monkeys (D:8)
  A jelly (D:5)
  A gnoll bouda (D:8)
  4 hounds
  2 orc priests
  2 sleepcaps
  6 orc wizards
  7 adders
  12 gnolls
  A river rat (D:6)
  2 ufetubi (D:6)
  3 worms
  5 dart slugs
  20 orcs
  8 ball pythons
  5 endoplasms
  5 giant cockroaches
  7 goblins
  10 hobgoblins
  3 jackals (D:2)
  2 quokkas
  5 bats
  9 frilled lizards
  18 kobolds
  7 rats
167 creatures vanquished.

Notes
Turn   | Place    | Note
-------+----------+-------------------------------------------
     0 | D:1      | lessens the Gnoll Gladiator began the quest for the Orb.
     0 | D:1      | Reached XP level 1. HP: 20/20 MP: 1/1
   150 | D:1      | Reached XP level 2. HP: 26/26 MP: 2/2
   731 | D:2      | Reached XP level 3. HP: 31/31 MP: 3/3
   790 | D:2      | Reached skill level 1 in Invocations
   859 | D:2      | Reached skill level 1 in Short Blades
   859 | D:2      | Reached skill level 1 in Long Blades
   859 | D:2      | Reached skill level 1 in Maces & Flails
   859 | D:2      | Reached skill level 1 in Polearms
   859 | D:2      | Reached skill level 1 in Staves
   859 | D:2      | Reached skill level 1 in Ranged Weapons
   859 | D:2      | Reached skill level 1 in Armour
   859 | D:2      | Reached skill level 1 in Stealth
   859 | D:2      | Reached skill level 1 in Shields
   859 | D:2      | Reached skill level 1 in Unarmed Combat
   859 | D:2      | Reached skill level 1 in Spellcasting
   859 | D:2      | Reached skill level 1 in Evocations
  1082 | D:2      | Reached XP level 4. HP: 38/38 MP: 5/5
  1095 | D:2      | Reached skill level 1 in Shapeshifting
  1731 | D:3      | Reached skill level 1 in Conjurations
  1731 | D:3      | Reached skill level 1 in Hexes
  1731 | D:3      | Reached skill level 1 in Summonings
  1731 | D:3      | Reached skill level 1 in Necromancy
  1731 | D:3      | Reached skill level 1 in Translocations
  1731 | D:3      | Reached skill level 1 in Transmutations
  1731 | D:3      | Reached skill level 1 in Fire Magic
  1731 | D:3      | Reached skill level 1 in Ice Magic
  1731 | D:3      | Reached skill level 1 in Air Magic
  1731 | D:3      | Reached skill level 1 in Earth Magic
  1731 | D:3      | Reached skill level 1 in Poison Magic
  1978 | D:3      | Reached XP level 5. HP: 28/43 MP: 6/6
  2439 | D:3      | Found a burning altar of Makhleb.
  2459 | D:3      | Became a worshipper of Makhleb the Destroyer
  2627 | D:4      | Reached XP level 6. HP: 22/50 MP: 8/8
  2846 | D:4      | Found a runed translucent gate.
  2846 | D:4      | Found a runed translucent gate.
  2848 | D:4      | Found a runed translucent gate.
  2849 | D:4      | Noticed timneilson's ghost (weakling OpSh)
  2856 | D:4      | Reached skill level 5 in Fighting
  2856 | D:4      | Reached skill level 5 in Throwing
  2885 | D:4      | Noticed an orc warrior
  3327 | D:5      | Entered Level 5 of the Dungeon
  3358 | D:5      | Found a stormy altar of Qazlal.
  3545 | D:5      | Noticed a water moccasin
  3551 | D:5      | Killed a water moccasin
  3552 | D:5      | Reached XP level 7. HP: 49/56 MP: 10/10
  3774 | D:5      | Found a runed translucent door.
  3775 | D:5      | Noticed Thrassey's ghost (novice DjFE)
  3837 | D:5      | Found a staircase to the Ecumenical Temple.
  4055 | D:5      | Found a bloodstained altar of Trog.
  4300 | D:6      | Noticed Duvessa
  4301 | D:6      | Noticed Dowan
  4321 | D:6      | Killed Duvessa
  4330 | D:6      | Killed Dowan
  4429 | D:6      | Reached * piety under Makhleb
  4463 | D:6      | Found a glowing drain.
  4474 | Sewer    | Entered a sewer
  4529 | Sewer    | Noticed Pargi
  4542 | Sewer    | Killed Pargi
  4543 | Sewer    | Reached XP level 8. HP: 55/63 MP: 12/12
  6344 | D:7      | Reached ** piety under Makhleb
  6349 | D:7      | Reached XP level 9. HP: 62/69 MP: 14/14
  6847 | D:7      | Found a glowing silver altar of Zin.
  7122 | D:8      | Found Sagrinat's Weapon Shop.
  7157 | D:8      | Mangled by a wyvern

Illustrated notes

Levels and vault maps discovered:
D:1:      reono_arrival_mine, layout_loops_ring, minmay_tetromino_l4
D:2:      layout_loops_ring, st_stairs_1
D:3:      layout_loops_ring, amcnicky_altar_gilded, nrook_mini_vaults
D:4:      layout_rooms, biasface_ghost_orc_armoury, minmay_crossroads
D:5:      layout_cave_pools, lemuel_coloured_pillars_altar, lemuel_doored_altar,
          temple_statues, gammafunk_ghost_grave
D:6:      layout_basic, lightli_sewer_entry_pipes, chequers_avenue,
          kennysheep_donut, uniq_duvessa
D:7:      layout_gridville, zin_academy
D:8:      minmay_flawed_box, layout_basic, nicolae_yredelemnul_ghost_church,
          serial_shops, nicolae_shop_overgrown_old_shop, nicolae_diamond_shop,
          nicolae_shop_window_shopping, minmay_pinched_square, uniq_maggie

Skill      XL: |  1  2  3  4  5  6  7  8  9 |
---------------+----------------------------+-----
Invocations    | 1 2 3 4 |  4.7
Short Blades   | 1 2 3 4 |  4.3
Long Blades    | 1 2 3 4 |  4.3
Maces & Flails | 1 2 3 4 |  4.3
Polearms       | 1 2 3 4 |  4.3
Staves         | 1 2 3 4 |  4.3
Ranged Weapons | 1 2 3 4 |  4.3
Armour         | 1 2 3 4 |  4.3
Stealth        | 1 2 3 4 |  4.3
Shields        | 1 2 3 4 |  4.3
Unarmed Combat | 1 2 3 4 |  4.3
Spellcasting   | 1 2 3 4 |  4.3
Evocations     | 1 2 3 4 |  4.3
Shapeshifting  | 1 2 3 |  3.9
Conjurations   | 1 2 3 |  3.5
Hexes          | 1 2 3 |  3.5
Summonings     | 1 2 3 |  3.5
Necromancy     | 1 2 3 |  3.5
Translocations | 1 2 3 |  3.5
Transmutations | 1 2 3 |  3.5
Fire Magic     | 1 2 3 |  3.5
Ice Magic      | 1 2 3 |  3.5
Air Magic      | 1 2 3 |  3.5
Earth Magic    | 1 2 3 |  3.5
Poison Magic   | 1 2 3 |  3.5
Fighting       | 5 6 |  6.3
Throwing       | 5 6 |  6.3
Axes           | 7 |  7.9
Dodging        | 7 |  7.9

Action                     |  1- 3 |  4- 6 |  7- 9 || total
---------------------------+-------+-------+-------++-------
  Melee: War axe           |    72 |       |    98 ||   170
         Punch             |     1 |     1 |     9 ||    11
         Bite              |     6 |    16 |    29 ||    51
         Dagger            |    20 |   198 |   176 ||   394
  Throw: Boomerang         |       |     3 |    24 ||    27
         Javelin           |       |     1 |     2 ||     3
         Dart              |       |       |    10 ||    10
  Evoke: Wand              |       |       |     1 ||     1
    Use: Scroll            |     1 |       |     8 ||     9
         Potion            |       |       |     1 ||     1
   Stab: Sleeping          |     2 |       |       ||     2
 Armour: Leather armour    |    39 |     4 |       ||    43
         Chain mail        |       |   128 |   272 ||   400
  Dodge: Dodged            |    75 |    77 |   148 ||   300

Table legend: (Time is in decaauts)
 A = Elapsed time spent in this place.
 B = Non-inter-level travel time spent in this place.
 C = Inter-level travel time spent in this place.
 D = Time resting spent in this place.
 E = Time spent auto-exploring this place.
 F = Levels seen in this place.
 G = Mean time per level.
                   A        B        C        D        E       F      G
               +--------+--------+--------+--------+--------+-----+--------+
         Total |   7203 |   6876 |    327 |    194 |   5342 |   9 |  800.3 |
       Dungeon |   7009 |   6682 |    327 |    194 |   5237 |   8 |  876.1 |
         Sewer |    194 |    194 |      0 |      0 |    105 |   1 |  194.0 |
               +--------+--------+--------+--------+--------+-----+--------+

Top non-repeatable levels by time:
     D:6: 1387 daAuts
     D:7: 1181 daAuts
     D:3: 952 daAuts
     D:5: 874 daAuts
     D:2: 834 daAuts
     D:4: 823 daAuts
     D:1: 714 daAuts
     D:8: 242 daAuts
   Sewer: 194 daAuts

Levels and vault maps discovered:
D:1:      reono_arrival_mine, layout_loops_ring, minmay_tetromino_l4
D:2:      layout_loops_ring, st_stairs_1
D:3:      layout_loops_ring, amcnicky_altar_gilded, nrook_mini_vaults
D:4:      layout_rooms, biasface_ghost_orc_armoury, minmay_crossroads
D:5:      layout_cave_pools, lemuel_coloured_pillars_altar, lemuel_doored_altar,
          temple_statues, gammafunk_ghost_grave
D:6:      layout_basic, lightli_sewer_entry_pipes, chequers_avenue,
          kennysheep_donut, uniq_duvessa
D:7:      layout_gridville, zin_academy
D:8:      minmay_flawed_box, layout_basic, nicolae_yredelemnul_ghost_church,
          serial_shops, nicolae_shop_overgrown_old_shop, nicolae_diamond_shop,
          nicolae_shop_window_shopping, minmay_pinched_square, uniq_maggie
